AoeStats
← Pwncakes

Arena

510198023Analyzed
2v2 RM · 1d ago on Sep 29, 2026· 39m 23s· 4 players
Game mode
Random Map
Map size
Medium (4 player)
Population
200
Speed
Normal
Resources
Standard
Victory
Conquest
Starting age
Dark Age
Ending age
Imperial Age
RankedLock teamsTeams togetherTeam positionsShared explorationLock speedFull tech treeHidden civsTurbo modeCheats
Victory
Defeat
🇫🇷 Teutons · France
1417
+11
🇫🇷 Britons · France
1101
+23
🇺🇸 Saxons · United States
1309
-18
🇺🇸 Cumans · United States
1247
-16
Me gusta papas fritas
10:26 Feudal Age
14:09 Castle Age
12:36 Double-Bit Axe
13:04 Horse Collar
15:06 Bow Saw
14:57 Heavy Plow
22:01 Wheelbarrow
23:02 Hand Cart
27:52 Imperial Age
25:34 Loom
25:35 Town Watch
25:56 Scale Barding Armor
26:02 Forging
27:00 Chain Barding Armor
26:51 Gold Mining
27:31 Bloodlines
28:06 Iron Casting
28:03 Cavalier
29:28 Plate Barding Armor
30:48 Chemistry
31:34 Blast Furnace
30:33 Paladin
32:47 Two-Man Saw
31:40 Stone Mining
32:23 Crop Rotation
32:53 Padded Archer Armor
39:30 Leather Archer Armor
39:56 Guilds
Poperis
4:59 Loom
10:39 Feudal Age
14:10 Castle Age
12:40 Double-Bit Axe
13:05 Horse Collar
15:19 Bow Saw
22:55 Heavy Plow
23:37 Wheelbarrow
23:30 Gold Mining
23:35 Stone Mining
25:30 Hand Cart
28:38 Imperial Age
26:33 Fletching
26:44 Padded Archer Armor
27:28 Bodkin Arrow
28:15 Leather Archer Armor
28:30 Ballistics
28:28 Crossbowman
29:36 Masonry
29:07 Treadmill Crane
30:09 Bracer
31:16 Chemistry
31:00 Conscription
32:30 Ring Archer Armor
32:47 Yeomen
31:57 Elite Longbowman
33:35 Architecture
33:15 Pikeman
33:56 Squires
33:43 Gambesons
34:41 Hoardings
35:21 Two-Man Saw
34:18 Murder Holes
34:31 Siege Engineers
34:49 Halberdier
39:43 Scale Mail Armor
39:56 Forging
Shotzsik
6:00 Loom
9:00 Feudal Age
9:23 Horse Collar
9:30 Double-Bit Axe
15:23 Wheelbarrow
14:58 Loom
18:08 Gold Mining
18:14 Stone Mining
23:30 Castle Age
21:59 Fletching
22:23 Bloodlines
23:04 Padded Archer Armor
24:41 Thumb Ring
24:58 Bow Saw
24:47 Bodkin Arrow
25:07 Leather Archer Armor
25:24 Ballistics
26:40 Steppe Husbandry
27:02 Town Watch
31:47 Imperial Age
30:21 Gold Shaft Mining
33:31 Chemistry
33:02 Elite Kipchak
35:34 Conscription
37:38 Ring Archer Armor
Pwncakes
10:26 Feudal Age
14:29 Castle Age
12:18 Double-Bit Axe
12:34 Horse Collar
15:45 Bow Saw
20:21 Loom
22:28 Wheelbarrow
21:39 Town Watch
24:07 Hand Cart
23:56 Scale Mail Armor
24:55 Chain Mail Armor
24:45 Squires
24:53 Gold Mining
25:28 Stone Mining
26:44 Heavy Plow
27:36 Forging
28:20 Gold Shaft Mining
30:26 Imperial Age
29:50 Iron Casting
29:27 Arson
30:29 Elite Varangian Guard
31:40 Plate Mail Armor
31:10 Gambesons
32:21 Conscription
32:12 Shield Wall
34:52 Two-Man Saw
33:31 Crossbowman
33:34 Heavy Mounted Crossbowman
34:25 Thumb Ring
34:12 Fletching
34:22 Padded Archer Armor
34:32 Arbalester
34:33 Arbalester
35:22 Bodkin Arrow
35:55 Leather Archer Armor
36:25 Masonry
35:55 Treadmill Crane
36:11 Elite Hearth Troop
39:04 Hoardings
39:04 Architecture
38:46 Bracer
39:16 Ring Archer Armor
40:04 Ballistics
40:49 Chemistry
Connection lost

Rejoining the realm…

Still unreachable

The connection could not be restored.

Session expired

The server has moved on; the page needs a fresh start.